 Dungeon Crawl Stone Soup version 0.13.0-19-g8e0b589 (webtiles) character file.

124 M4edhros the Sneak (level 3, 0/24 HPs)
             Began as an Octopode Artificer on Oct 26, 2013.
             Slain by a worker ant (7 damage)
             ... on Level 4 of the Dungeon.
             The game lasted 00:01:05 (1137 turns).

M4edhros the Sneak (Octopode Artificer)             Turns: 1137, Time: 00:01:06

HP   0/24        AC  1     Str 10      XL: 3   Next: 54%
MP   4/4         EV 12     Int 18      God:
Gold 82          SH  0     Dex 12      Spells:  0 memorised,  2 levels left

Res.Fire  : . . .   See Invis. : .   a - +0 short sword
Res.Cold  : . . .   Warding    : .   (no shield)
Life Prot.: . . .   Conserve   : .   (helmet restricted)
Res.Poison: .       Res.Corr.  : +   o - amulet of resist corrosion {unknown}
Res.Elec. : .       Clarity    : .   n - +3 ring of intelligence
Sust.Abil.: . .     Spirit.Shd : .   (no ring)
Res.Mut.  : .       Stasis     : .   (no ring)
Res.Rott. : .       Flight     : .   (no ring)
Saprovore : . . .                    (no ring)
                                     (no ring)
                                     (no ring)
                                     (no ring)

@: mildly poisoned, not resistant to hostile enchantments, very stealthy
A: almost no armour, amphibious, 8 rings, constrict 8, camouflage 1, AC +1
a: no special abilities


You were on level 4 of the Dungeon.
You were hungry.

You visited 1 branch of the dungeon, and saw 4 of its levels.

You collected 62 gold pieces.

Inventory:

Hand weapons
 a - a +0,+0 short sword (weapon)
Magical devices
 b - a wand of flame (15)
 c - a wand of enslavement (15)
 d - a wand of random effects (15)
 p - a wand of disintegration (3) {unknown}
Comestibles
 f - 2 bread rations
 g - a meat ration
 l - a pear
Scrolls
 j - 3 scrolls of fog
 m - a scroll of magic mapping {unknown}
Jewellery
 n - a +3 ring of intelligence (left tentacle)
 o - an amulet of resist corrosion (around mantle) {unknown}
Potions
 e - a potion of heal wounds {unknown}
 h - a potion of magic
 i - a potion of curing {unknown}
 k - a potion of agility {unknown}


   Skills:
 - Level 1.0 Fighting
 - Level 1.0 Short Blades
 - Level 2.0 Dodging
 + Level 4.8 Stealth
 - Level 3.2 Evocations


You had 2 spell levels left.
You didn't know any spells.

Dungeon Overview and Level Annotations

Branches:
Dungeon (4/27)
 Temple: D:4-7

Altars:
Yredelemnul


Innate Abilities, Weirdness & Mutations

You cannot wear most types of armour.
You are amphibious.
You can wear up to eight rings at the same time.
You can use your tentacles to constrict many enemies at once.
Your skin changes colour to match your surroundings (Stlth).
Your rubbery body absorbs attacks (AC +1).


Message History

You constrict the worker ant. The worker ant closely misses you.
The worker ant bites you.
You hit the worker ant but do no damage.
You squeeze the worker ant.
The worker ant is heavily wounded.
You constrict the worker ant. The worker ant bites you!
* * * LOW HITPOINT WARNING * * *
You are too injured to fight recklessly!
You hit the worker ant.
The worker ant is severely wounded.
You constrict the worker ant, but do no damage.
The worker ant misses you.
A quokka comes into view.
You are too injured to fight recklessly!
You are too injured to fight recklessly!
Drink which item? (? for menu, Esc to quit)
Magic courses through your body.
It was a potion of magic.
You constrict the worker ant, but do no damage.
The worker ant bites you!
You die...

#.#
#.#
#.#
#.#
#.#
#.#
#.#
#(#
#@#
#a#
#g#
#.#
#.#
r.#
###


You could see a worker ant, a quokka (wandering) and a hobgoblin.

Vanquished Creatures
  2 adders
  A giant mite (D:1)
  A giant gecko (D:3)
  A ball python (D:1)
  3 bats (D:1)
  A hobgoblin (D:3)
  3 goblins
  2 kobolds
  5 rats
  A spectral orc (D:3)
20 creatures vanquished.

Notes
Turn   | Place    | Note
--------------------------------------------------------------
     0 | D:1      | M4edhros, the Octopode Artificer, began the quest for the Orb.
     0 | D:1      | Reached XP level 1. HP: 14/14 MP: 1/1
   389 | D:1      | Reached XP level 2. HP: 12/19 MP: 3/3
   829 | D:2      | Reached skill level 4 in Stealth
   849 | D:2      | Reached XP level 3. HP: 16/24 MP: 4/4
  1050 | D:3      | Found a basalt altar of Yredelemnul.
  1137 | D:4      | Slain by a worker ant

Action                   || total
-------------------------++-------
Melee: Short sword       ||    46
Evoke: Wand              ||     1
  Use: Scroll            ||     3
       Potion            ||     1
 Stab: Sleeping          ||     5
